Map: Acid Plant LE

Players

kemachi - Winner!

  • Race: Zerg Zerg
  • League: Diamond
  • Spawn Location: 11:00

funkyJunky

  • Race: Protoss Protoss
  • League: Diamond
  • Spawn Location: 5:00

VOD

Have the link to the VOD?

Description

Time

  • Played on: Aug. 10, 2018, 6:24 p.m.
  • Length: 21:47
Show
View Real Time Build Order
Export as new Build Order

kemachi Zerg - Winner!

Build Orders: 3 Hatch before Pool 

Get SALT Encoding   

  12  0:01  Drone  
  13  0:12  Overlord  
  13  0:16  Drone  
  14  0:30  Drone x2  
  14  0:34  Drone  
  17  0:53  Hatchery  
  16  0:58  Drone  
  16  0:59  Drone  
  18  1:06  Drone  
  19  1:25  Drone  
  20  1:27  Extractor  
  19  1:38  Hatchery  
  18  1:42  Spawning Pool  
  17  1:56  Drone  
  17  1:57  Drone x2  
  20  2:07  Drone  
  21  2:30  Drone x2  
  21  2:31  Drone x2  
  21  2:32  Drone  
  26  2:40  Metabolic Boost  
  25  2:53  Roach Warren  
  25  2:55  Extractor, Drone  
  24  3:00  Drone  
  24  3:01  Queen  
  27  3:09  Zergling x2  
  27  3:10  Zergling x4  
  30  3:23  Drone x2  
  32  3:32  Zergling x2  
  34  3:37  Lair  
  34  3:38  Overlord  
  32  3:50  Overlord x2  
  31  3:56  Zergling x6  
  34  4:31  Hatchery  
  33  4:32  Roach x4  
  41  4:41  Nydus Network  
  39  4:52  Queen  
  41  5:02  Roach  
  41  5:03  Roach  
  45  5:11  Overlord, Drone  
  46  5:36  Nydus Canal  
  46  5:40  Roach x4  
  48  6:15  Roach x5  
  58  6:36  Nydus Canal  
  58  6:38  Queen  
  58  6:41  Ravager  
  58  6:46  Ravager  
  56  7:00  Queen  
  54  7:23  Overlord x3  
  54  7:34  Hatchery  
  53  7:38  Hydralisk Den  
  53  7:41  Queen  
  54  7:47  Queen  
  56  8:05  Overlord  
  56  8:23  Queen  
  58  8:27  Grooved Spines  
  58  8:28  Hydralisk x2  
  60  8:44  Drone  
  47  9:01  Hydralisk  
  38  9:16  Hydralisk x2  
  42  9:22  Hydralisk  
  42  9:23  Hydralisk  
  40  9:37  Hydralisk x2  
  34  10:18  Hatchery  
  34  10:19  Extractor  
  34  10:20  Extractor  
  34  10:21  Drone x4  
  34  10:25  Drone  
  36  10:33  Spore Crawler  
  35  10:40  Drone x2  
  37  10:55  Hydralisk x2  
  41  11:29  Queen  
  41  11:31  Spore Crawler  
  42  11:36  Hydralisk  
  42  11:37  Hydralisk x3  
  50  11:40  Drone x2  
  52  11:50  Lair  
  52  11:54  Hydralisk  
  52  11:58  Drone x2  
  56  12:14  Zergling x6  
  59  12:19  Hydralisk x2  
  59  12:22  Drone x2  
  65  12:37  Evolution Chamber  
  64  12:38  Evolution Chamber  
  64  12:40  Drone x4  
  67  12:50  Hydralisk  
  67  12:51  Hydralisk  
  69  12:55  Overlord  
  70  13:02  Drone x3  
  70  13:03  Drone  
  72  13:21  Drone x7  
  72  13:25  Zerg Missile Weapons Level 1  
  79  13:27  Zerg Ground Armor Level 1  
  79  13:40  Overseer  
  79  13:41  Overseer  
  79  13:42  Overlord  
  79  13:43  Overlord  
  79  13:44  Drone x3  
  79  13:45  Drone  
  79  13:47  Extractor  
  82  13:48  Extractor  
  81  14:00  Drone x2  
  83  14:07  Hatchery  
  83  14:09  Hydralisk x3  
  88  14:31  Hydralisk x7  
  88  14:35  Overlord  
  102  14:38  Overlord  
  102  14:41  Overlord  
  102  14:56  Hydralisk  
  102  14:57  Hydralisk x4  
  112  15:05  Muscular Augments  
  112  15:09  Hydralisk  
  112  15:11  Overlord  
  112  15:12  Overlord  
  114  15:21  Hydralisk x2  
  117  15:40  Spire  
  116  15:44  Drone x10  
  116  15:47  Queen  
  122  15:52  Hydralisk  
  122  15:53  Hydralisk x2  
  120  16:13  Hydralisk x4  
  128  16:19  Hatchery  
  105  16:29  Hydralisk x4  
  79  16:36  Hydralisk x2  
  74  16:44  Queen  
  71  16:49  Hydralisk  
  71  16:50  Hydralisk x2  
  77  17:00  Hydralisk  
  77  17:01  Hydralisk  
  81  17:12  Hydralisk x3  
  77  17:30  Hydralisk x3  
  77  17:33  Zergling x18  
  92  17:43  Hydralisk Den  
  89  17:51  Spawning Pool  
  86  18:00  Drone x10  
  96  18:13  Hydralisk x3  
  102  18:20  Hydralisk x3  
  106  18:37  Zerg Missile Weapons Level 2  
  106  18:41  Zerg Ground Armor Level 2  
  106  18:42  Drone x8  
  106  18:46  Extractor x2  
  112  18:56  Infestation Pit  
  110  19:11  Corruptor x2  
  110  19:14  Hatchery  
  110  19:15  Overlord  
  110  19:16  Overlord x4  
  113  19:34  Corruptor x2  
  117  19:48  Corruptor  
  119  20:06  Drone  
  119  20:07  Corruptor x2  
  116  20:09  Zergling x2  
  116  20:10  Zergling x20  
  131  20:20  Zergling x6  
  130  20:32  Drone x6  
  130  20:34  Extractor  
  130  20:35  Extractor  
  116  21:06  Hydralisk  
  116  21:07  Hydralisk x10  
  133  21:20  Hydralisk x2  
Show
View Real Time Build Order
Export as new Build Order

funkyJunky Protoss 

Build Orders: Cannon Rush 

Get SALT Encoding   

  12  0:01  Probe  
  13  0:14  Probe  
  14  0:20  Pylon  
  14  0:26  Probe  
  15  0:37  Probe  
  15  0:42  Forge  
  16  0:45  Probe  
  17  0:53  Probe  
  17  0:54  Pylon  
  18  1:08  Gateway  
  18  1:20  Photon Cannon  
  18  1:28  Photon Cannon  
  18  1:33  Probe  
  19  1:42  Photon Cannon  
  19  1:50  Pylon  
  19  1:56  Probe  
  20  2:03  Pylon  
  20  2:05  Assimilator  
  20  2:12  Photon Cannon  
  20  2:21  Photon Cannon  
  20  2:31  Photon Cannon  
  20  2:45  Photon Cannon  
  20  3:00  Probe  
  20  3:02  Cybernetics Core  
  21  3:08  Assimilator, Probe  
  21  3:12  Photon Cannon  
  22  3:31  Probe  
  23  3:43  Probe  
  24  3:55  Probe  
  24  3:56  Stalker  
  24  4:01  Stargate  
  27  4:07  Probe, Photon Cannon  
  28  4:25  Nexus  
  28  4:51  Void Ray  
  28  4:55  Photon Cannon  
  28  4:57  Photon Cannon  
  32  5:22  Stargate  
  32  5:24  Pylon  
  32  5:26  Probe  
  33  5:38  Probe  
  33  5:40  Pylon  
  33  5:41  Void Ray  
  34  5:50  Probe  
  37  6:02  Void Ray, Probe  
  40  6:22  Assimilator  
  40  6:23  Assimilator  
  35  7:01  Void Ray x2  
  35  7:07  Assimilator  
  43  7:36  Probe  
  43  7:47  Probe  
  43  7:48  Probe  
  45  7:52  Pylon  
  45  7:56  Pylon  
  45  7:57  Probe  
  45  8:00  Probe, Shield Battery  
  45  8:04  Photon Cannon  
  45  8:05  Probe  
  47  8:09  Pylon  
  47  8:12  Probe  
  49  8:15  Probe  
  50  8:24  Probe  
  51  8:27  Probe  
  52  8:36  Probe  
  53  8:44  Void Ray x2  
  53  8:48  Probe  
  62  9:00  Probe  
  63  9:22  Pylon  
  63  9:23  Photon Cannon  
  63  9:24  Void Ray x2, Photon Cannon  
  59  9:56  Void Ray  
  59  9:57  Void Ray  
  59  10:23  Robotics Facility  
  59  10:25  Robotics Facility  
  59  10:31  Probe  
  60  10:37  Probe  
  60  10:40  Protoss Air Weapons Level 1  
  61  10:43  Probe  
  61  10:44  Protoss Shields Level 1  
  61  10:48  Void Ray x2  
  61  10:49  Probe  
  71  10:55  Probe  
  72  11:15  Robotics Bay  
  72  11:21  Observer  
  72  11:23  Nexus  
  72  11:26  Pylon  
  73  11:42  Pylon  
  73  11:44  Pylon  
  73  11:45  Pylon  
  73  12:04  Photon Cannon  
  73  12:12  Colossus x2  
  73  12:14  Nexus, Extended Thermal Lance  
  73  12:17  Photon Cannon  
  73  12:18  Shield Battery  
  85  12:39  Pylon  
  85  12:46  Protoss Ground Weapons Level 1  
  85  12:52  Protoss Air Armor Level 1  
  85  12:58  Colossus x2  
  97  13:29  Photon Cannon  
  97  13:30  Photon Cannon  
  97  13:32  Photon Cannon  
  97  13:33  Photon Cannon  
  97  13:35  Photon Cannon  
  97  13:37  Shield Battery  
  97  13:39  Shield Battery  
  97  13:44  Pylon  
  97  14:01  Probe  
  98  14:03  Probe  
  98  14:06  Disruptor x2  
  99  14:13  Probe  
  99  14:15  Probe  
  107  14:25  Probe  
  107  14:30  Twilight Council  
  108  14:35  Colossus  
  108  14:36  Fleet Beacon  
  108  14:37  Protoss Ground Armor Level 1  
  108  14:38  Probe  
  109  14:40  Colossus  
  121  15:06  Pylon  
  121  15:16  Probe  
  121  15:18  Assimilator  
  122  15:24  Assimilator  
  122  15:28  Probe  
  89  16:55  Void Ray x2  
  89  16:56  Colossus x2  
  109  17:02  Stargate  
  109  17:05  Stargate  
  109  17:07  Robotics Facility  
  109  17:10  Robotics Facility  
  93  17:53  Colossus x2  
  93  17:56  Colossus  
  99  17:59  Void Ray x2  
  107  18:08  Probe  
  108  18:20  Probe  
  108  18:26  Nexus  
  109  18:32  Probe  
  110  18:41  Assimilator  
  110  18:45  Assimilator  
  110  18:47  Colossus  
  115  19:00  Carrier x2  
  115  19:01  Carrier  
  109  20:28  Colossus x3  
  80  20:29  Colossus  
  98  20:37  Void Ray x2  
Tags
 
Add a new tag
Caveats
  • Supply blocks, unpowered buildings, or Contaminate may cause inaccurate times.
  • Supply counts are checked every 10 seconds.